[Event "African Individual Chess-ch Open 2024"]
[Site "Accra"]
[Date "2024.03.17"]
[Round "5.9"]
[White "KIGIGHA, Bomo Lovet"]
[Black "Oluka Robert Mcligeyo"]
[Result "1-0"]
[ECO "B14"]
[WhiteElo "2231"]
[BlackElo "2041"]
[Annotator "TA"]
[PlyCount "139"]
[EventDate "2024.03.13"]
[EventCountry "GHA"]
[SourceTitle "playchess.com"]
[Source "ChessBase"]
[SourceQuality "1"]
[TimeControl "5400+30"]

1. c4 c6 2. e4 d5 3. exd5 cxd5 4. d4 Nf6 5. Nc3 g6 6. Bg5 Bg7 7. cxd5 O-O 8. Bc4 Nbd7 9. Bb3 Nb6 10. Bxf6 Bxf6 11. Nge2 Bg4 12. f3 Bd7 13. O-O Rc8 14. Ne4 Nc4 15. Nxf6+ exf6 16. Bxc4 Rxc4 17. Qb3 b5 18. Rac1 Qe8 19. Qd3 Bf5 20. Qd2 Qd8 21. Rxc4 bxc4 22. Nc3 Bd3 23. Rd1 Qb6 24. Qf2 Re8 25. Rd2 f5 26. a3 f4 27. g3 h5 28. Rd1 Re3 29. gxf4 Re8 (29... Qxd4 $2 30. d6 Qxf4 31. d7 Qg5+ 32. Kh1 $18) 30. Kg2 Qf6 31. Re1 Rb8 32. Nd1 Qxf4 33. Qe3 Qxe3 34. Rxe3 Rb5 35. Re5 f6 36. Re8+ Kf7 37. Ra8 Rb7 38. Kg3 g5 39. h4 Rd7 40. Nc3 Kg6 (40... Rb7 $1 $11) 41. Rc8 Rb7 (41... Kf5 $16 {was worth a try.}) 42. Na4 $2 (42. d6 $18) 42... Rd7 $1 $11 43. Rc5 Be2 $2 (43... gxh4+ $11 44. Kxh4 Kf5) 44. f4 $2 ({White must play} 44. hxg5 $1 $16 {Nc3 is the strong threat.} Kxg5 45. d6+ Kg6 46. Kf2) 44... gxh4+ $11 45. Kxh4 Kf5 46. Nc3 Bd3 47. Kg3 (47. Kxh5 $2 Rh7#) 47... h4+ 48. Kf3 $1 (48. Kxh4 Kxf4 49. Kh3 Kf3 $19) 48... h3 49. Kg3 {[%emt 0:00:00] [#]} (49. d6+ $1 $11 Kg6 50. Kg3) 49... h2 $2 (49... Rg7+ $1 $17 50. Kxh3 Kxf4) 50. d6+ $16 (50. Kxh2 Kxf4 51. Rc8 f5 $15) 50... Kg6 (50... Ke6 $16 51. Kxh2 Rb7) 51. Kxh2 $18 Rxd6 52. d5 Rb6 (52... Rd7 $142 53. Kg3 Kf7) 53. Rb5 $18 Rd6 54. Kg3 a6 (54... Rd8 {was called for.} 55. a4 Rh8) 55. Rb8 $18 Kf5 56. Kf3 Bc2 57. Rh8 Rb6 58. Rh5+ Kg6 {[%emt 0:00:00] [#]} 59. Rh2 $1 Bd3 (59... Rxb2 $2 {is the wrong capture.} 60. Ke3 $18) 60. Ke3 Kf5 61. Na4 Rb8 62. Nc5 Re8+ 63. Ne6 Kg4 64. Rh6 Bf5 65. Rxf6 Rb8 66. Nd4 Bd7 67. Rg6+ Kh5 68. Rg7 Ba4 69. Nf5 Rxb2 70. Rg5# 1-0

[Event "African Individual Chess-ch Open 2024"]
[Site "Accra"]
[Date "2024.03.17"]
[Round "5.10"]
[White "Ntamatungiro, Wilfried"]
[Black "Kayonde, Andrew"]
[Result "0-1"]
[ECO "B12"]
[WhiteElo "1905"]
[BlackElo "2321"]
[Annotator "RC"]
[PlyCount "69"]
[EventDate "2024.03.13"]
[EventCountry "GHA"]
[SourceTitle "playchess.com"]
[Source "ChessBase"]
[SourceQuality "1"]
[TimeControl "5400+30"]

1. e4 c6 2. d4 d5 3. e5 c5 4. c3 Nc6 5. Bb5 Qb6 6. Ba4 cxd4 7. cxd4 Bf5 8. Nc3 e6 9. a3 Nge7 10. Nge2 a6 11. O-O Qd8 12. Bg5 h6 13. Bh4 g5 14. Bg3 b5 15. Bc2 Qb6 16. Bb3 Bg7 17. Kh1 h5 18. f4 h4 19. Bf2 g4 20. g3 Ng6 21. Rc1 Rd8 22. Kg1 hxg3 23. hxg3 b4 24. Na4 Be4 25. Be3 Qb5 26. Rc5 Rh1+ 27. Kf2 Rh2+ 28. Ke1 Qd3 29. Qxd3 Bxd3 30. Rf2 Rh1+ 31. Kd2 Bb5 32. f5 exf5 33. Rf3 f4 34. Rxf4 Na5 35. Rf5 0-1

[Event "African Individual Chess-ch Open 2024"]
[Site "Accra"]
[Date "2024.03.17"]
[Round "5.11"]
[White "Wanyama, Harold"]
[Black "Egbe, Kossi Thierry"]
[Result "1-0"]
[ECO "E00"]
[WhiteElo "2226"]
[BlackElo "1871"]
[Annotator "TA"]
[PlyCount "131"]
[EventDate "2024.03.13"]
[EventCountry "GHA"]
[SourceTitle "playchess.com"]
[Source "ChessBase"]
[SourceQuality "1"]
[TimeControl "5400+30"]

1. d4 Nf6 2. c4 e6 3. g3 Bb4+ 4. Nd2 c5 5. a3 Bxd2+ 6. Qxd2 cxd4 7. Nf3 Qc7 8. Qxd4 Nc6 9. Qh4 Na5 (9... h6 $11) 10. Bg5 {[%emt 0:01:03] Schwarz hat schwache schwarze Felder} Ke7 (10... Nb3 $16) 11. Rc1 $18 Nb3 12. Rc3 Nc5 13. b4 {[%emt 0:00:17] Gegen d6 gerichtet.} Na4 14. Rc1 {[%emt 0:01:20] Bg2 ist eine echte Drohung.} a5 $2 (14... b6 15. Bg2 h6) 15. Bg2 axb4 16. axb4 d6 17. O-O h6 {[%emt 0:02:43] [#]} 18. c5 $1 dxc5 19. bxc5 Nxc5 20. Bf4 Qa5 21. Be5 Bd7 22. Qd4 Nce4 {[%emt 0:00:00] Pariert Bd6+.} 23. Rc7 (23. Nh4 $18 Bc6 24. Bxe4 (24. Rxc6 bxc6 25. Bxe4 Rhd8 $18) 24... Nxe4 25. Rxc6 (25. Bxg7 Rhd8 $16) 25... bxc6 26. Qxe4) 23... Rhd8 $16 24. Rxb7 {[%emt 0:00:00] Und jetzt Bxf6+ wäre schön. Weiß steht aktiver.} Ke8 (24... Qd5 $16 {war einen Versuch wert.} 25. Rb4 Ke8) 25. Bc7 $18 {[%emt 0:00:00] Das Läuferpaar ist gut.} Qc5 26. Bxd8 Rxd8 27. Rd1 Qxd4 28. Rxd4 ({Schwächer ist} 28. Nxd4 Ba4 29. Rc1 (29. Rd3 Nc5 $11) 29... Rxd4 $14) 28... Nc3 29. Kf1 {[%emt 0:00:00] Und Ne5 würde nun gewinnen.} Nfd5 $2 (29... Ra8 {ist eine bessere Verteidigung.} 30. Ne1 Ra5 31. Rdxd7 Nxd7) 30. Ne5 Bb5 31. Bxd5 ({Weniger gut wäre} 31. Rxf7 Nxe2 32. Rxd5 exd5 $16) 31... exd5 32. Rd2 (32. Nxf7 Rd7 33. Rxd7 Bxe2+ 34. Ke1 Kxd7) 32... f6 33. Nd3 Rd7 34. Rxd7 Kxd7 {[%emt 0:05:56][%mdl 4096] Endspiel. KRN-KBN} 35. Nf4 {[%emt 0:08:00][%cal Of4h5] Schwarz muss nun Nh5! beachten.} Bc4 (35... g5 {kämpft weiter.}) 36. Nh5 Ne4 37. Rc2 g6 38. f3 Ng5 39. Nxf6+ Ke6 40. Ng4 Nxf3 41. Nxh6 Nd4 42. Rb2 Ke5 43. Kf2 Ke4 44. h4 Nb3 45. Nf7 Kd4 46. Nh8 Kc3 {[%emt 0:00:00] [#]} 47. Rxb3+ $1 Bxb3 48. Nxg6 {[%emt 0:00:00] KB-KN} Bc2 49. Nf4 Kd4 50. e3+ Ke5 51. Ne2 Be4 52. g4 Bc2 53. g5 Bg6 54. Ng3 d4 55. exd4+ {[%emt 0:00:00] Weiß setzt Matt.} Kxd4 56. h5 Bc2 57. Kf3 Ke5 58. Kg4 Bd1+ 59. Kh4 Bc2 60. Nf1 Ke6 61. Ne3 Bd3 62. Ng4 Bc2 63. g6 Bd1 64. Kg5 Ke7 65. h6 Kf8 66. Nf6 {[%emt 0:00:00] Gewichteter Fehlerwert: Weiß=0.30/Schwarz=0.54.  Gewinn verpasst:   	Weiß=1     	---        Fehler:       	---       	Schwarz=6     Ungenau:       	---       	Schwarz=4     OK:         	Weiß=22    	Schwarz=13} 1-0

[Event "African Individual Chess-ch Open 2024"]
[Site "Accra"]
[Date "2024.03.17"]
[Round "5.12"]
[White "Frempong-Smart Daniel"]
[Black "Rongwane, Gomolemo"]
[Result "0-1"]
[ECO "E05"]
[WhiteElo "1877"]
[BlackElo "2021"]
[Annotator "RC"]
[PlyCount "134"]
[EventDate "2024.03.13"]
[EventCountry "GHA"]
[SourceTitle "playchess.com"]
[Source "ChessBase"]
[SourceQuality "1"]
[TimeControl "5400+30"]

1. d4 Nf6 2. Nf3 e6 3. g3 d5 4. Bg2 Be7 5. O-O O-O 6. c4 dxc4 7. Ne5 c5 8. dxc5 Bxc5 9. Nxc4 Nc6 10. Nc3 Qe7 11. Bg5 Rd8 12. Qa4 Bd7 13. Bxf6 gxf6 14. Ne4 Nd4 15. Qa5 Bb5 16. Nxc5 Qxc5 17. b3 b6 18. Qe1 Rac8 19. Rc1 Qh5 20. f3 Bc6 21. g4 Qh6 22. e3 Nb5 23. a4 Nd6 24. Nxd6 Rxd6 25. f4 Qf8 26. Rxc6 Rdxc6 27. Bxc6 Rxc6 28. Qd2 Rd6 29. Qc3 Qd8 30. Rc1 Rd3 31. Qc8 Qxc8 32. Rxc8+ Kg7 33. Kf2 Rxb3 34. Rc7 a5 35. h4 Rb4 36. Rb7 Rxa4 37. Rxb6 Ra1 38. Ra6 a4 39. f5 exf5 40. gxf5 a3 41. Kf3 a2 42. Kg2 Kh6 43. Rxf6+ Kh5 44. Ra6 Kxh4 45. Ra4+ Kg5 46. e4 Kf4 47. Kh2 h5 48. Kg2 h4 49. Kh2 h3 50. e5+ Kxf5 51. Ra5 Ke6 52. Ra8 Kxe5 53. Re8+ Kf4 54. Ra8 f5 55. Ra4+ Kf3 56. Ra3+ Kf2 57. Ra4 Ke2 58. Ra8 f4 59. Re8+ Kf1 60. Ra8 Re1 61. Rxa2 Re2+ 62. Kh1 Kf2 63. Ra8 f3 64. Rf8 Ke3 65. Rh8 Re1+ 66. Kh2 f2 67. Re8+ Kd4 0-1

[Event "African Individual Chess-ch Open 2024"]
[Site "Accra"]
[Date "2024.03.17"]
[Round "5.13"]
[White "Ntsaou Moubikou, Josue Cyriaque"]
[Black "Adewole, Adeyinka Samuel"]
[Result "0-1"]
[ECO "B07"]
[WhiteElo "1532"]
[BlackElo "1935"]
[Annotator "NA RC"]
[PlyCount "70"]
[EventDate "2024.03.13"]
[EventCountry "GHA"]
[SourceTitle "playchess.com"]
[Source "ChessBase"]
[SourceQuality "1"]
[TimeControl "5400+30"]

1. e4 d6 2. d4 Nf6 3. Nc3 g6 4. h3 Bg7 5. g3 c6 6. Bg2 Qc7 7. Nge2 a6 8. O-O Nbd7 9. Be3 b5 10. a3 Bb7 11. Qd2 Nb6 12. b3 h5 13. f3 Nfd7 14. Rad1 Rc8 15. Kf2 c5 16. d5 O-O 17. h4 b4 18. Nb1 f5 19. Nf4 fxe4 20. Ne6 Qb8 21. Nxf8 Rxf8 22. c4 bxc3 23. Nxc3 Nf6 24. Kg1 Nbxd5 25. Nxd5 Nxd5 26. fxe4 Rxf1+ 27. Rxf1 Nxe3 28. Re1 Ng4 29. Qg5 Qe8 30. Bf3 Bh6 31. Qxg4 hxg4 32. e5 gxf3 33. exd6 f2+ 34. Kxf2 Qf7+ 35. Kg1 Qf3 0-1

[Event "African Individual Chess-ch Open 2024"]
[Site "Accra"]
[Date "2024.03.17"]
[Round "6.1"]
[White "Amin, Bassem"]
[Black "Bellahcene, Bilel"]
[Result "1-0"]
[ECO "C24"]
[WhiteElo "2670"]
[BlackElo "2522"]
[Annotator "TA"]
[PlyCount "133"]
[EventDate "2024.03.13"]
[EventCountry "GHA"]
[SourceTitle "playchess.com"]
[Source "ChessBase"]
[SourceQuality "1"]
[TimeControl "5400+30"]

1. e4 e5 2. Bc4 Nf6 3. d3 Nc6 4. Nf3 d5 5. exd5 Nxd5 6. O-O Nb6 7. Bb5 Bd6 8. Re1 f6 9. d4 {[%emt 0:00:30] White is slightly better.} O-O 10. Bxc6 bxc6 11. dxe5 fxe5 12. Ng5 (12. Nxe5 Bxe5 13. Nd2 (13. Qxd8 $2 Rxd8 14. Nd2 Rd5 $19) 13... Bxh2+ 14. Kh1 Qh4 $19) 12... Bf5 13. Nc3 Bc5 {[%emt 0:25:14][%cal Oc5f2] aiming for ...Bxf2+!} 14. Nce4 Qxd1 15. Rxd1 Be7 {[%emt 0:00:28] This pair of bishops is nice.} 16. Re1 $1 Rad8 (16... h6 $11 17. Nf3 Bd6) 17. Ng3 $1 $14 Bc8 18. N5e4 Nd5 19. a3 {[%emt 0:04:14] Inhibits Nb4.} h6 20. b3 Nf6 21. Be3 Nxe4 22. Nxe4 Bf5 23. Bxa7 {[%emt 0:18:39] Black must now prevent Bc5.} Bxa3 24. Ng3 (24. Rxa3 $5 Bxe4 25. c3 $16) 24... Bb4 {[%emt 0:03:43] [#]} 25. Nxf5 $1 Rxf5 26. Red1 Rff8 (26... Rxd1+ 27. Rxd1 Rf6 28. g3 $14) 27. Be3 Bc3 28. Rab1 Rd5 29. Kf1 Rfd8 30. Ke2 Kf7 31. Rd3 Rxd3 32. cxd3 $11 {[%emt 0:00:02][%mdl 4096] Endgame. KRB-KRB} Rb8 $1 33. Kd1 Rb5 34. Kc2 Bd4 35. Bxd4 exd4 {[%emt 0:00:01] KR-KR} 36. Re1 Rc5+ 37. Kd2 Rb5 38. Re4 Rf5 (38... c5 $11) 39. f4 (39. Rxd4 Rxf2+ 40. Ke1 Rxg2 $15) 39... Rd5 (39... Rh5 $11 {keeps the balance.}) 40. b4 $16 g5 41. g4 gxf4 42. Rxf4+ Ke6 43. h4 c5 44. bxc5 Rxc5 45. Rxd4 {[%emt 0:00:00] Rc4 would now be deadly.} Ra5 46. Ke3 c5 47. Re4+ (47. Rf4 $1 $16) 47... Kf6 $1 $14 48. Rc4 Ke6 (48... Kg7 $142) 49. Ke4 (49. Rf4 $142 $1) 49... Kf6 50. Kf4 Ra3 51. Ke3 $1 (51. Rxc5 Rxd3 52. Rc6+ Kg7 $14) 51... Ra5 52. Rf4+ Ke7 ({Better is} 52... Kg7) 53. h5 ({White should play} 53. Rf5 $1) 53... Ra1 {[%emt 0:00:15] [#]} (53... Ra3 $16) 54. Rf5 $1 $18 Rc1 {[%emt 0:01:23] [#]} (54... Ra5 55. Ke4 Ra4+ 56. Kf3 c4) 55. Kd2 $1 Rg1 56. Rxc5 Rxg4 57. Rc6 {[%emt 0:00:02][%cal Od2c3] And now Kc3! would win.} Rg5 58. Rxh6 {[%emt 0:00:06] White mates.} Kf7 59. Kc3 Rf5 60. d4 Kg7 61. Re6 ({Stronger than} 61. Rg6+ Kf7 $11) 61... Rxh5 62. Kc4 Kf7 63. d5 Rh1 64. Re2 Rc1+ 65. Kb5 Rb1+ 66. Kc6 Rc1+ 67. Kd7 {[%emt 0:00:06] Weighted Error Value: White=0.09 (flawless) /Black=0.27 (precise) .  Mistake:       	White=3     	Black=7      Inaccurate:     	White=4     	Black=2      OK:         	White=12    	Black=18     Best:        	White=2     	Black=3      Strong:       	White=5     	Black=2} 1-0

[Event "African Individual Chess-ch Open 2024"]
[Site "Accra"]
[Date "2024.03.17"]
[Round "6.2"]
[White "Silva, David"]
[Black "Mwali, Chitumbo"]
[Result "1/2-1/2"]
[ECO "C55"]
[WhiteElo "2358"]
[BlackElo "2340"]
[Annotator "TA"]
[PlyCount "82"]
[EventDate "2024.03.13"]
[EventCountry "GHA"]
[SourceTitle "playchess.com"]
[Source "ChessBase"]
[SourceQuality "1"]
[TimeControl "5400+30"]

1. e4 e5 2. Nf3 Nc6 3. Bc4 Nf6 4. d3 Be7 5. Nc3 O-O 6. O-O d6 7. a3 h6 8. h3 a6 9. Re1 b5 {[%emt 0:04:14] Weiß steht etwas besser.} 10. Ba2 Nb8 11. Ne2 {[%emt 0:04:26] Weiß steht aktiver.} Re8 12. Ng3 Bf8 13. Nh4 Be6 14. Nhf5 Bxa2 15. Rxa2 Kh7 16. f4 g6 17. fxe5 $1 dxe5 18. Ne3 Bg7 19. Rf1 Rf8 20. b4 a5 21. bxa5 Rxa5 22. Bd2 Ra6 23. Qb1 c6 ({Günstiger ist} 23... Qd7 $11) 24. Qb3 (24. a4 $14) 24... Ra7 (24... Nbd7 $15) 25. Bb4 {[%emt 0:01:46][%cal Ob4c5] und nun wäre Bc5! stark für Weiss.} Re8 26. Bc5 Rb7 27. Nd1 Nbd7 28. Be3 Qe7 29. a4 Nc5 30. Qc3 Nxa4 31. Qxc6 Rbb8 32. Qa6 Nd7 33. Qc6 Rec8 34. Qd5 Kg8 35. Ne2 Ndc5 36. Ra1 Ne6 37. Qa2 Qc7 (37... h5 $15) 38. c4 $11 {[%emt 0:01:50] Die Stellung ist ausgeglichen.} Nac5 39. cxb5 Rxb5 40. Ndc3 Rbb8 41. Nd5 Qd8 {[%emt 0:00:07] Gewichteter Fehlerwert: Weiß=0.12 (sehr präzise) /Schwarz=0.15 (sehr präzise) .  Fehler:       	Weiß=1     	Schwarz=3     Ungenau:       	Weiß=3     	Schwarz=3     OK:         	Weiß=16    	Schwarz=11    Stark:        	Weiß=1     	---} 1/2-1/2

[Event "African Individual Chess-ch Open 2024"]
[Site "Accra"]
[Date "2024.03.17"]
[Round "6.3"]
[White "Ortega Amarelle, Mariano"]
[Black "Aikhoje, Odion"]
[Result "1/2-1/2"]
[ECO "B38"]
[WhiteElo "2482"]
[BlackElo "2215"]
[Annotator "TA"]
[PlyCount "140"]
[EventDate "2024.03.13"]
[EventCountry "GHA"]
[SourceTitle "playchess.com"]
[Source "ChessBase"]
[SourceQuality "1"]
[TimeControl "5400+30"]

1. c4 Nf6 2. Nc3 c5 3. Nf3 g6 4. e4 Bg7 5. d4 cxd4 6. Nxd4 d6 7. Be2 Nfd7 8. O-O Nc6 9. Be3 O-O 10. Rc1 Nxd4 11. Bxd4 Bxd4 12. Qxd4 Ne5 {[%emt 0:00:05] White is slightly better.} 13. Rfd1 Nc6 14. Qe3 {[%emt 0:00:18] White has more active pieces. The black rooks are passive.} f5 15. exf5 Rxf5 16. Bd3 Re5 17. Be4 $36 {[%emt 0:02:53][%mdl 2048] Black is under strong pressure.} Qf8 (17... Qb6 $16) 18. f4 $18 Rh5 19. Bd5+ Kg7 (19... Kh8 $16 20. Rd2 Rf5) 20. Ne4 e5 $2 (20... Kh8 21. b4 Bd7) 21. Bxc6 bxc6 22. Rxd6 Qxf4 23. Qxf4 exf4 24. Rxc6 Re5 25. Rc7+ Kh6 26. Nd6 Be6 27. Kf2 {[%emt 0:00:28] Prevents Re2+} a5 (27... g5 $142 28. Re7 Kg6) 28. Re7 Kg5 29. Re1 $2 (29. Rxh7 $18 {b3 is the strong threat.} a4 30. Rd1) 29... Kf6 $2 (29... Rxe1 $14 30. Kxe1 Kf6 31. Rxh7 Ke5 32. Nf7+ Kf6) 30. Rxh7 $2 ({Only move:} 30. Rxe5 $1 $18 Kxe5 31. Ne8) 30... Rxe1 $14 31. Kxe1 $18 {[%emt 0:00:03][%mdl 4096] Endgame. KRB-KRN} Ke5 {[%emt 0:00:09] Prevents Ne4} 32. Nf7+ (32. Nb5 $1 $14 Bxc4 33. Nc3) 32... Kd4 (32... Kf6 $1 $11 {remains equal.} 33. Nd6 Ke5) 33. b3 {[%emt 0:00:36] Kd2 would now be deadly.} Bf5 $2 (33... a4 $1 $14) 34. Nd6 Bb1 {[%emt 0:00:30][%cal Od4c5] [#]} 35. Nb5+ $1 Kc5 36. Nc3 Bf5 37. Rb7 Rh8 38. Rb5+ Kd4 39. Kd2 Be6 {[%emt 0:00:52] Wards off Rd5+} 40. h3 (40. Rxa5 Rxh2 41. Ne2+ Ke4) 40... a4 41. Nxa4 (41. bxa4 Kxc4 42. Ne2 f3 $16) 41... f3 42. gxf3 Rxh3 43. Nc3 Rxf3 44. Ne2+ Ke4 45. Rg5 Rd3+ 46. Kc2 {[%emt 0:00:00] And now Nc3+ would win.} Re3 47. Ng3+ (47. Nc3+ $18 Kf4 48. Rg1 (48. Rxg6 Bf5+ 49. Kb2 Bxg6 $14)) 47... Kf4 $16 48. Rxg6 {[%emt 0:00:00][%cal Oc2d2] Black must now prevent Kd2!} Bg4 {[%emt 0:00:00] [#]} 49. Rxg4+ Kxg4 $14 {[%emt 0:00:00] KR-KN. The position is equal.} 50. Nf1 Re2+ 51. Nd2 Kf4 $1 52. Kd3 Re3+ 53. Kd4 Re2 54. Nb1 Rxa2 55. b4 Kf5 56. Nc3 Rd2+ 57. Kc5 Ke6 58. Nd5 Kd7 59. b5 Rh2 60. b6 Rh1 61. Kb5 Kd6 62. Nc3 Rh5+ 63. Nd5 {[%emt 0:00:59] aiming for b7.} Rh1 64. Nb4 Rh5+ 65. Ka6 {[%emt 0:01:04] Intending b7 and mate.} Kc5 66. b7 Rh6+ 67. Ka5 Rb6 68. Na6+ Kc6 $1 69. b8=Q Rxb8 70. Nxb8+ Kc5 {[%emt 0:00:05] White really could win this.   Weighted Error Value: White=0.37/Black=0.31.  Loses game:     	---       	Black=2      Missed win:     	White=3     	---        Mistake:       	White=2     	Black=5      Inaccurate:     	White=1     	Black=2      OK:         	White=29    	Black=24     Best:        	White=4     	Black=10     Strong:       	White=1     	Black=2} 1/2-1/2

[Event "African Individual Chess-ch Open 2024"]
[Site "Accra"]
[Date "2024.03.17"]
[Round "6.4"]
[White "Abdulraheem Abdulrahman Akinto"]
[Black "Rakotomaharo, Fy Antenaina"]
[Result "1/2-1/2"]
[ECO "E55"]
[WhiteElo "2229"]
[BlackElo "2454"]
[Annotator "TA"]
[PlyCount "120"]
[EventDate "2024.03.13"]
[EventCountry "GHA"]
[SourceTitle "playchess.com"]
[Source "ChessBase"]
[SourceQuality "1"]
[TimeControl "5400+30"]

1. Nf3 d5 2. d4 Nf6 3. c4 e6 4. Nc3 Bb4 5. e3 O-O 6. Bd3 dxc4 7. Bxc4 c5 8. O-O cxd4 9. exd4 b6 10. Qe2 Bb7 11. Rd1 Nbd7 12. d5 exd5 13. Nxd5 Re8 14. Qc2 Nxd5 {[%emt 0:18:56] White has an edge.} 15. Bxd5 Bxd5 16. Rxd5 {[%emt 0:00:22] [#] Strongly threatening Bg5.} Qe7 {[%emt 0:01:06][%cal Oe7e1] ( -> ...Qe1+!)} 17. Bg5 f6 18. Bf4 {[%emt 0:05:22] a3 would now be deadly. White is more active.} Nf8 19. a3 Bc5 20. b4 Qf7 21. Rad1 Be7 22. Qc6 a5 23. bxa5 ({But not} 23. Qxb6 axb4 24. a4 (24. axb4 $2 {loses.} Qxd5 25. Rc1 Rec8 $19) 24... Rxa4 $17) 23... bxa5 24. Qa4 Red8 25. Rxd8 (25. Rxa5 $2 {perishes.} Rxa5 26. Qc2 Rxd1+ (26... Rxa3 $2 27. Rf1 $19) 27. Qxd1 Rxa3 $19) 25... Rxd8 26. Rxd8 Bxd8 27. Bd2 Qd5 28. Qd4 Qxd4 29. Nxd4 $11 {[%emt 0:00:04][%mdl 4096] Endgame. KBN-KBN} Bb6 30. Nc6 a4 $1 31. Ne7+ Kf7 32. Nd5 Bd4 33. Be3 {[%emt 0:03:33] [#]} (33. Bc3 $11 {remains equal.} Bc5 34. Ba5) 33... Bxe3 (33... Ke6 $1 $17 34. Nf4+ Ke5) 34. fxe3 $17 {[%emt 0:03:52] KN-KN. The position is equal.} Nd7 35. Kf2 Ke6 36. Nc3 Nc5 37. Ke2 Ke5 38. Kf3 h5 39. g3 g5 40. h3 f5 41. Kg2 g4 42. hxg4 hxg4 43. Kh2 Ke6 44. Kg2 Kd6 45. Kf1 Kd7 46. Ke2 Kc6 47. Kd2 Kd6 48. Ke2 Ke5 49. Kf1 Nb3 50. Ke2 Nc5 51. Kf1 Ne4 52. Nxa4 Nxg3+ 53. Kg2 Ne4 54. Nb2 Ng5 55. a4 Ke4 56. Nd1 Ne6 57. a5 Nc5 58. Nf2+ Kxe3 59. Nxg4+ fxg4 60. Kg3 Kd4 {[%emt 0:00:00] Weighted Error Value: White=0.07 (flawless) /Black=0.05 (flawless) .  Mistake:       	White=1     	Black=1      Inaccurate:     	White=1     	Black=1      OK:         	White=27    	Black=14     Strong:       	---       	Black=1} 1/2-1/2

[Event "African Individual Chess-ch Open 2024"]
[Site "Accra"]
[Date "2024.03.17"]
[Round "6.5"]
[White "Zhemba, Jemusse"]
[Black "Agnelo, Amorim"]
[Result "1-0"]
[ECO "B41"]
[WhiteElo "2226"]
[BlackElo "2219"]
[Annotator "RC"]
[PlyCount "113"]
[EventDate "2024.03.13"]
[EventCountry "GHA"]
[SourceTitle "playchess.com"]
[Source "ChessBase"]
[SourceQuality "1"]
[TimeControl "5400+30"]

1. e4 c5 2. Nf3 e6 3. d4 cxd4 4. Nxd4 a6 5. Bd3 Nc6 6. Nf3 Nf6 7. O-O d6 8. c4 Be7 9. Nc3 O-O 10. h3 Qc7 11. Bf4 Ne5 12. Rc1 b6 13. Bb1 Bb7 14. Qe2 Rac8 15. b3 Nfd7 16. Rfd1 Rfd8 17. Nd4 Ng6 18. Be3 Bf6 19. Qd2 Qb8 20. Nde2 Be7 21. f4 Ba8 22. Nd4 Nf6 23. f5 Nf8 24. a4 d5 25. cxd5 exd5 26. e5 Qxe5 27. Bf4 Qxd4+ 28. Qxd4 Bc5 29. Ne2 Bxd4+ 30. Nxd4 N8d7 31. Bc7 Re8 32. b4 Bb7 33. Rc2 Ne4 34. Rdc1 g6 35. Ba2 Nef6 36. Bg3 Ne4 37. Bf4 Nef6 38. Rxc8 Rxc8 39. Rxc8+ Bxc8 40. g4 Bb7 41. g5 Ne4 42. f6 Kf8 43. Kg2 Ke8 44. Bb3 Kd8 45. h4 a5 46. bxa5 bxa5 47. Nb5 Ndc5 48. Bd1 Ne6 49. Be5 Kd7 50. Bg4 N4c5 51. Nd6 Bc6 52. Nxf7 Bxa4 53. Bc3 Nb7 54. Ne5+ Kd6 55. Bxe6 Kxe6 56. f7 Ke7 57. Bb2 1-0

[Event "African Individual Chess-ch Open 2024"]
[Site "Accra"]
[Date "2024.03.17"]
[Round "6.6"]
[White "Kayonde, Andrew"]
[Black "Mhango, Banele"]
[Result "1-0"]
[ECO "B07"]
[WhiteElo "2321"]
[BlackElo "2193"]
[Annotator "TA"]
[PlyCount "110"]
[EventDate "2024.03.13"]
[EventCountry "GHA"]
[SourceTitle "playchess.com"]
[Source "ChessBase"]
[SourceQuality "1"]
[TimeControl "5400+30"]

1. d4 Nf6 2. Nf3 g6 3. Nbd2 Bg7 4. e4 d6 5. Bb5+ Nfd7 6. O-O O-O 7. Re1 e5 8. c3 Qe7 9. Nf1 Nf6 10. Ng3 a6 11. Ba4 b5 12. Bc2 Bb7 13. Bg5 h6 14. Bd2 c5 15. Qc1 Kh7 16. a4 bxa4 17. d5 Bc8 (17... Nbd7 $14 {is more appropriate.}) 18. Rxa4 Nbd7 19. b3 Nb6 20. Ra2 Ng8 (20... Bg4 $14) 21. Qb1 Kh8 22. Bd3 Qc7 23. h4 (23. Be3 $16) 23... c4 $14 24. bxc4 Nd7 25. h5 Nc5 26. Bf1 (26. Be3 $16) 26... Nf6 27. Be3 Rb8 28. Qc2 Ng4 29. Bxc5 Qxc5 30. Rea1 Bf6 31. Ra5 Qa7 $1 {[%emt 0:00:08] [#]} 32. Rb5 ({White should try} 32. c5 $1 $14 Bd8 33. R5a4) 32... Bd7 33. Rba5 (33. Rxb8 $11 Rxb8 34. c5 Qxc5 35. Rxa6 (35. Bxa6 Ra8 $11)) 33... Bc8 $1 $16 {[%emt 0:00:30] [#]} 34. Rb5 (34. c5 $1 $16 Bd8 35. R5a4) 34... Rxb5 35. cxb5 Bd8 36. Nh1 (36. hxg6 fxg6 37. Nh1 (37. bxa6 Nxf2 38. Kh2 Bg5 $19) 37... a5 $11) (36. bxa6 $14 {was preferrable.} Bb6 37. Nh1) 36... a5 $11 37. Nh2 (37. Nd2 $1 $11 {should be considered.}) 37... Nf6 $15 38. Be2 Bb6 39. Nf1 gxh5 40. Nd2 Rg8 41. Nc4 Bh3 42. Bf3 (42. Nxd6 Rxg2+ (42... Bxg2 $2 43. Qc1 $19) 43. Kf1 Bxf2 (43... Rg8+ $2 44. Ke1 $19) 44. Nxf7+ Kh7 (44... Kg7 $2 45. Bd3 Rg1+ 46. Ke2 Qe3#) 45. Bd3 Rg1+ 46. Ke2 Qe3#) 42... h4 43. Qd3 $2 (43. Nxd6 $2 Bxg2 44. Bxg2 h3 $19) (43. Nxb6 $11 Qxb6 44. Kh2) 43... Nh5 $19 44. Nxb6 Nf4 45. Qe3 Bxg2 46. Bxg2 Rxg2+ 47. Kf1 Rh2 48. Kg1 Rg2+ 49. Kf1 h3 50. Rc1 h2 (50... Rg7 $142 51. Rb1 h2) 51. Ke1 $19 Rg6 $2 (51... Kh7 $19 {and Black stays clearly on top.} 52. Kd2 Rg1) 52. Kd2 $17 Ng2 $2 ({Black should play} 52... Rg1 $17 {...Kh7 would now be deadly.} 53. Kc2 Kh7) 53. Qf3 $1 $11 (53. Nc8 Nxe3 54. Nxa7 Nc4+ 55. Ke2 Rg1 $17) 53... Qxb6 54. Qf4 $2 (54. Qxf7 $11 Rg7 55. Qe8+ Kh7 56. Qc6) 54... f6 $2 (54... Nxf4 55. Rb1 Rg1 56. Kc2 Qc5 57. b6 Qc4 (57... Rxb1 {gets mated.} 58. Kxb1 Qxb6+ 59. Kc1 a4 60. f3 a3 61. Ng3 Qb2+ 62. Kd1 a2 63. Ne2 h1=Q+ 64. Ng1 a1=Q#) 58. Ng3 Qd3+ 59. Kb3 Rxb1+ (59... Qxb1+ 60. Ka4 Qxb6 61. Nf1 Rxf1 62. c4 Qb4#) 60. Ka4 Qc4+ 61. Kxa5 Qb5#) 55. Qxf6+ $2 (55. Qf5 $11 Nf4 56. Qc8+ Kh7 57. Qc6) 55... Rg7 $2 (55... Rxf6 {mates} 56. Kc2 Rf3 (56... Qxb5 {leads to mate.} 57. Rb1 Qa4+ 58. Kc1 Rf3 59. Rb8+ Kg7 60. Kb2 Rd3 61. Rb3 Ne1 62. Rb7+ Kg6 63. Rg7+ Kxg7 64. Ng3 Rd2+ 65. Kc1 Qd1#) 57. Rb1 Qc5 58. Rb3 a4 59. Rb2 Rxc3+ (59... Qxc3+ 60. Kb1 Rd3 61. Ng3 a3 62. Rd2 Rxd2 63. Nh5 h1=Q#) 60. Kb1 Rc1+ 61. Ka2 Qc4+ (61... Rxh1 {is a self mate.} 62. Rb1 Rxb1 63. f4 Qc2+ 64. Ka3 Qb3#) 62. Ka3 Rc3+ 63. Rb3 Qxb3#) 1-0